Map: Jagannatha LE

Players

JusticeSimon

  • Race: Protoss Protoss
  • League: Master
  • Spawn Location: 7:00

Ranger - Winner!

  • Race: Protoss Protoss
  • Spawn Location: 1:00

Event: DreamHack SC2 Masters 2020 Winter

VOD

Have the link to the VOD?

Description

Time

  • Played on: Oct. 17, 2020, 3:09 a.m.
  • Length: 12:35

All games in this series

Show
View Real Time Build Order
Export as new Build Order

JusticeSimon Protoss 

Build Orders: Phoenix Opening 

Get SALT Encoding   

  12  0:01  Probe  
  13  0:13  Probe  
  14  0:17  Pylon  
  14  0:25  Probe (Chrono Boost)  
  15  0:37  Probe (Chrono Boost)  
  15  0:38  Gateway  
  16  0:45  Probe (Chrono Boost)  
  16  0:47  Assimilator  
  17  0:51  Probe (Chrono Boost)  
  17  0:56  Assimilator  
  18  1:04  Probe (Chrono Boost)  
  19  1:13  Gateway, Probe (Chrono Boost)  
  19  1:18  Probe  
  21  1:30  Cybernetics Core, Probe  
  22  1:38  Pylon  
  22  1:42  Probe  
  23  1:56  Probe  
  24  2:05  Warp Gate (Chrono Boost)  
  24  2:07  Stalker x2  
  24  2:08  Probe  
  29  2:14  Pylon  
  29  2:21  Pylon  
  29  2:26  Probe  
  30  2:39  Stalker, Sentry  
  30  2:40  Probe  
  35  2:59  Nexus  
  35  3:07  Shield Battery  
  35  3:09  Sentry  
  37  3:13  Phoenix, Sentry  
  39  3:20  Pylon  
  39  3:38  Probe  
  40  3:47  Stalker x2  
  44  3:49  Pylon  
  44  3:50  Probe  
  45  3:56  Twilight Council  
  46  4:02  Probe (Chrono Boost)  
  46  4:09  Forge  
  46  4:13  Probe (Chrono Boost)  
  48  4:20  Probe (Chrono Boost)  
  48  4:22  Probe (Chrono Boost)  
  48  4:23  Shield Battery  
  49  4:27  Probe (Chrono Boost)  
  42  4:33  Stalker  
  41  4:40  Blink (Chrono Boost), Probe x2  
  42  4:52  Probe  
  42  4:54  Probe  
  42  4:58  Shield Battery  
  40  5:04  Probe  
  40  5:06  Probe  
  42  5:07  Stalker  
  42  5:08  Stalker  
  46  5:15  Protoss Ground Weapons Level 1 (Chrono Boost)  
  46  5:17  Probe  
  46  5:18  Probe  
  48  5:29  Probe  
  48  5:30  Probe  
  48  5:32  Sentry  
  48  5:34  Stalker  
  54  5:42  Probe (Chrono Boost)  
  56  5:44  Probe (Chrono Boost)  
  56  5:54  Probe (Chrono Boost)  
  58  5:57  Probe (Chrono Boost)  
  58  5:58  Pylon  
  58  5:59  Probe (Chrono Boost)  
  58  6:00  Stalker x2  
  63  6:05  Probe  
  63  6:08  Probe  
  65  6:15  Assimilator  
  65  6:17  Probe  
  66  6:19  Gateway  
  66  6:20  Gateway, Probe  
  66  6:24  Stalker  
  69  6:27  Stalker  
  69  6:29  Probe  
  72  6:36  Pylon  
  72  6:45  Nexus  
  72  6:53  Robotics Facility  
  70  7:05  Probe x2  
  70  7:07  Charge  
  72  7:10  Stalker, Sentry  
  76  7:17  Probe, Protoss Ground Weapons Level 2 (Chrono Boost)  
  76  7:22  Shield Battery  
  77  7:26  Pylon  
  77  7:28  Pylon x2  
  77  7:30  Probe  
  77  7:31  Probe  
  77  7:36  Gateway x2  
  79  7:41  Observer  
  80  7:44  Probe x2  
  82  7:51  Gateway, Pylon  
  82  7:55  Gateway  
  82  8:04  Warp Prism  
  84  8:11  Templar Archives  
  84  8:15  Probe x2  
  84  8:16  Assimilator  
  84  8:18  Assimilator  
  86  8:25  Photon Cannon  
  86  8:27  Photon Cannon  
  86  8:32  Photon Cannon  
  86  8:38  Pylon  
  86  8:40  Zealot x2  
  90  8:42  Zealot  
  90  8:44  Zealot  
  94  8:54  High Templar x4  
  102  8:58  Probe x3  
  102  8:59  Archon x2  
  102  9:02  Assimilator  
  105  9:34  Stalker x8  
  117  9:39  Robotics Bay  
  105  10:04  Robotics Facility, Zealot x4  
  105  10:05  Zealot x3  
  119  10:07  Zealot  
  121  10:14  Shield Battery  
  121  10:16  Pylon  
  121  10:19  Nexus  
  121  10:29  Pylon  
  117  10:43  Zealot x8  
  117  10:47  Disruptor (Chrono Boost)  
  133  10:55  Disruptor (Chrono Boost)  
  128  11:08  Shield Battery  
  128  11:14  Disruptor  
  127  11:24  Disruptor  
  128  11:29  Stalker x6  
  128  11:30  Probe x3  
  135  11:47  Probe x2  
  135  11:48  Pylon  
  124  11:59  Zealot x6  
  113  12:07  Zealot x2  
Show
View Real Time Build Order
Export as new Build Order

Ranger Protoss - Winner!

Build Orders:  

Get SALT Encoding   

  12  0:00  Probe  
  13  0:12  Probe  
  14  0:17  Pylon  
  14  0:24  Probe  
  15  0:36  Gateway, Probe (Chrono Boost)  
  16  0:46  Probe (Chrono Boost)  
  16  0:47  Assimilator  
  17  0:51  Probe (Chrono Boost)  
  17  0:56  Assimilator  
  18  1:03  Probe  
  19  1:10  Gateway  
  19  1:15  Probe (Chrono Boost)  
  21  1:26  Cybernetics Core, Probe (Chrono Boost)  
  21  1:31  Probe (Chrono Boost)  
  21  1:35  Pylon  
  22  1:41  Probe  
  23  1:53  Probe  
  24  2:00  Warp Gate (Chrono Boost)  
  24  2:02  Stalker  
  24  2:03  Stalker  
  28  2:09  Pylon  
  28  2:14  Probe  
  29  2:30  Pylon  
  29  2:33  Adept  
  31  2:38  Adept  
  33  2:56  Nexus  
  27  3:05  Adept  
  33  3:09  Shield Battery  
  35  3:15  Adept  
  37  3:22  Pylon  
  37  3:25  Probe  
  38  3:38  Probe  
  39  3:50  Probe  
  39  3:52  Adept, Twilight Council  
  39  3:54  Adept  
  44  4:08  Probe (Chrono Boost)  
  44  4:10  Probe (Chrono Boost)  
  44  4:13  Sentry  
  44  4:15  Sentry  
  50  4:19  Probe (Chrono Boost)  
  50  4:20  Probe (Chrono Boost)  
  51  4:25  Probe (Chrono Boost)  
  51  4:27  Probe (Chrono Boost)  
  49  4:31  Probe  
  49  4:35  Blink (Chrono Boost)  
  49  4:38  Probe  
  49  4:42  Robotics Facility  
  49  4:43  Probe  
  49  4:44  Sentry  
  49  4:45  Phoenix  
  52  4:46  Stalker  
  52  4:50  Probe  
  51  5:00  Probe  
  51  5:03  Probe  
  51  5:09  Stalker x2  
  51  5:11  Shield Battery  
  51  5:12  Pylon  
  51  5:13  Probe  
  56  5:15  Assimilator  
  56  5:17  Shield Battery  
  56  5:24  Pylon  
  56  5:30  Immortal  
  56  5:35  Stalker  
  62  5:37  Stalker  
  64  5:49  Gateway x2  
  64  5:58  Probe  
  64  6:00  Stalker x2  
  69  6:05  Forge  
  69  6:07  Gateway  
  69  6:09  Observer (Chrono Boost)  
  70  6:14  Probe  
  70  6:17  Pylon  
  71  6:26  Pylon  
  71  6:32  Nexus  
  71  6:34  Pylon  
  71  6:37  Stalker  
  71  6:38  Observer  
  74  6:40  Protoss Ground Weapons Level 1  
  74  6:46  Assimilator  
  74  6:47  Probe  
  74  6:53  Stalker x2  
  79  7:00  Shield Battery  
  79  7:02  Immortal (Chrono Boost)  
  83  7:11  Stalker  
  85  7:15  Stalker  
  85  7:20  Stalker  
  85  7:21  Probe  
  85  7:22  Probe  
  91  7:30  Photon Cannon  
  91  7:36  Probe  
  91  7:37  Probe, Dark Shrine  
  93  7:40  Stalker  
  95  7:48  Probe (Chrono Boost)  
  95  7:50  Stalker x2  
  100  7:52  Probe (Chrono Boost)  
  100  7:55  Probe (Chrono Boost)  
  102  8:00  Gateway  
  102  8:04  Gateway  
  102  8:05  Probe (Chrono Boost)  
  102  8:06  Probe x2 (Chrono Boost)  
  105  8:14  Charge, Probe  
  105  8:19  Probe x2  
  108  8:22  Assimilator  
  108  8:24  Assimilator  
  108  8:26  Stalker  
  110  8:27  Stalker  
  110  8:31  Probe  
  113  8:35  Robotics Bay  
  113  8:37  Photon Cannon  
  113  8:45  Photon Cannon  
  113  8:47  Probe x2  
  113  8:48  Pylon, Probe  
  116  8:52  Protoss Ground Weapons Level 2 (Chrono Boost)  
  116  9:00  Pylon  
  116  9:02  Pylon, Probe  
  117  9:06  Probe  
  117  9:08  Dark Templar  
  117  9:09  Dark Templar x2  
  122  9:28  Stalker  
  122  9:29  Stalker x2  
  128  9:33  Disruptor (Chrono Boost)  
  128  9:35  Stalker  
  129  9:43  Stalker x2  
  132  9:59  Robotics Facility  
  126  10:05  Disruptor (Chrono Boost)  
  127  10:10  Gravitic Boosters (Chrono Boost)  
  127  10:11  Nexus  
  127  10:12  Pylon  
  129  10:16  Pylon  
  129  10:18  Pylon  
  129  10:22  Gateway  
  129  10:23  Gateway  
  129  10:28  Stalker x3  
  129  10:29  Stalker x2  
  129  10:34  Disruptor  
  142  10:37  Pylon  
  142  10:48  Disruptor  
  140  10:59  Zealot  
  140  11:00  Zealot x6  
  140  11:03  Photon Cannon  
  154  11:06  Shield Battery  
  154  11:08  Photon Cannon  
  154  11:15  Disruptor  
  155  11:23  Zealot x5  
  165  11:30  Disruptor  
  157  11:58  Zealot x9  
Tags
 
Add a new tag
Caveats
  • Supply blocks, unpowered buildings, or Contaminate may cause inaccurate times.
  • Supply counts are checked every 10 seconds.